 Dungeon Crawl Stone Soup version 0.29.1-2-gbd0b4ee654 (webtiles) character file.

Game seed: 4625748079483023635

812 tkbsonic5 the Grave Robber (level 7, -1/59 HPs)
             Began as a Ghoul Necromancer on Nov 27, 2022.
             Slain by a centaur (5 damage)
             ... on level 6 of the Dungeon.
             The game lasted 00:31:56 (5129 turns).

tkbsonic5 the Grave Robber (Ghoul Necromancer)      Turns: 5129, Time: 00:31:57

Health: -1/59      AC:  4    Str: 12    XL:     7   Next: 93%
Magic:  6/10       EV: 16    Int: 12    God:
Gold:   72         SH:  0    Dex:  9    Spells: 5/12 levels left

rFire   . . .      SeeInvis .   x - +2 war axe (vamp)
rCold   + . .      Faith    .   (no shield)
rNeg    + + +      Spirit   .   a - +2 robe
rPois   ∞          Reflect  .   (no helmet)
rElec   .          Harm     .   v - scarf {+Inv}
rCorr   .          Rampage  .   (no gloves)
Will    .....                   (no boots)
Stlth   ++........              (no amulet)
HPRegen 0.00/turn               k - +4 ring of evasion
MPRegen 0.12/turn               (no ring)

@: very slightly contaminated, inhibited regen
A: claws 1, cold resistance 1, negative energy resistance 3, inhibited
regeneration, torment resistance 2, devour on kill
a: Evoke Invisibility


You were on level 6 of the Dungeon.
You visited 1 branch of the dungeon, and saw 6 of its levels.

You collected 242 gold pieces.
You spent 170 gold pieces at shops.

Inventory:

Hand Weapons
 b - a +2 trident of pain
 c - a +1 hand axe of electrocution
 x - a +2 vampiric war axe (weapon)
Missiles
 h - 2 silver boomerangs
 y - 5 boomerangs
Armour
 a - a +2 robe (worn)
 i - a +0 ring mail
 m - a +0 leather armour
 o - a +0 plate armour
 u - a +0 chain mail
 v - a scarf of invisibility (worn)
Jewellery
 k - a +4 ring of evasion (left claw)
Potions
 g - a potion of flight
 l - a potion of might {unknown}
 s - a potion of mutation {unknown}
 w - a potion of lignification {unknown}


   Skills:
 * Level 4.0 Fighting
 * Level 1.4(1.6) Axes
 - Level 0.7(1.2) Polearms
 + Level 0.4 Throwing
 + Level 3.1 Dodging
 - Level 3.2 Stealth
 - Level 3.0 Unarmed Combat
 * Level 3.1 Spellcasting
 * Level 1.1 Conjurations
 + Level 0.9 Summonings
 * Level 5.0 Necromancy
 * Level 0.9 Air Magic
 + Level 1.0 Evocations


You had 5 spell levels left.
You knew the following spells:

 Your Spells              Type           Power      Damage    Failure   Level
a - Necrotise             Necr           56%        1d6       3%          1
b - Vampiric Draining     Necr           14%        2d7       9%          3
c - Static Discharge      Conj/Air       4%         3-4/arc   24%         2
d - Summon Small Mammal   Summ           16%        N/A       16%         1

Your spell library contained the following spells:

 Spells                   Type           Power      Damage    Failure   Level
 Animate Dead             Necr           14%        N/A       30%         4
 Dispel Undead            Necr           14%        3d10      30%         4
 Call Canine Familiar     Summ           4%         N/A       43%         3
 Summon Guardian Golem    Hex/Summ       3%         N/A       52%         3
 Agony                    Necr           14%        N/A       63%         5
 Sticky Flame             Conj/Fire      3%         2d3       88%         4
 Lightning Bolt           Conj/Air       2%         1d13      99%         5
 Maxwell's Capacitive Co  Air            2%         ∞         100%        8


Dungeon Overview and Level Annotations

Branches:
Dungeon (6/15)
 Temple: D:4-7

Altars:
Nemelex Xobeh

Shops:
D:4 :[=*   D:5 (

Annotations:
D:5 Prince Ribbit


Innate Abilities, Weirdness & Mutations

You are immune to poison.
You have sharp fingernails.
Your flesh is cold resistant. (rC+)
You are immune to negative energy. (rN+++)
You do not regenerate when monsters are visible.
You are immune to unholy pain and torment.
You thrive by killing the living.


Message History

The centaur hits you. The centaur barely misses you. x2
The centaur kicks you but does no damage.
You hit the centaur.
You feel better.
The centaur is severely wounded.
The centaur barely misses you. The centaur closely misses you.
The centaur completely misses you. The centaur closely misses you.
Aiming: Necrotise (safe; 3% risk of failure)
Press: ? - help, Q - select action, (/) - cycle Shift-Dir - straight line, f - centaur
Aim: a centaur (severely wounded, chance to affect: 71%)
The centaur struggles to resist.
The centaur closely misses you. x2
The centaur hits you but does no damage.
The centaur kicks you. The centaur attacks as you move away!
The centaur barely misses you. The centaur misses you.
The centaur wields a +0 shortbow.
The centaur shoots an arrow.
The arrow hits you!
The centaur unwields a +0 shortbow.
The centaur barely misses you. The centaur closely misses you.
You barely miss the centaur. You claw the centaur, but do no damage.
The centaur is severely wounded.
The centaur hits you.
* * * LOW HITPOINT WARNING * * *
The centaur kicks you.
* * * LOW HITPOINT WARNING * * *
The centaur hits you.
* * * LOW HITPOINT WARNING * * *
The centaur kicks you but does no damage.
The centaur hits you.
* * * LOW HITPOINT WARNING * * *
The centaur kicks you.
* * * LOW HITPOINT WARNING * * *
Okay, then.
Aiming: Vampiric Draining (dangerous; 9% risk of failure)
Press: ? - help, Q - select action, (/) - cycle Shift-Dir - straight line, f/p - centaur
Aim: a centaur (severely wounded)
You miscast Vampiric Draining.
You are very lightly contaminated with residual magic.
Nothing appears to happen.
The centaur hits you.
You die...

... ... #...
.....
.....######
.......c#.##
.......@...#
........<..#
.##........#
#.##.....#
.. .......#
.. ....#####
. #....
#.### #.


You could see a centaur.

Vanquished Creatures
  Sigmund (D:3)
  An orc warrior (D:4)
  2 phantoms (D:4)
  A bullfrog (D:5)
  A necrophage (D:4)
  2 iguanas
  Ijyb (D:3)
  Natasha (twice) (D:3)
  2 orc wizards
  2 adders
  2 river rats (D:5)
  A shadow imp (D:5)
  A white imp (D:5)
  2 worms
  8 orcs
  5 endoplasms
  5 giant cockroaches
  7 goblins
  5 hobgoblins
  4 kobolds
  3 quokkas
  4 ball pythons
  3 bats
  5 frilled lizards
  11 rats
81 creatures vanquished.

Vanquished Creatures (collateral kills)
  A quokka (D:3)
1 creature vanquished.

Grand Total: 82 creatures vanquished

Notes
Turn   | Place    | Note
-------+----------+-------------------------------------------
     0 | D:1      | tkbsonic5 the Ghoul Necromancer began the quest for the
                  | Orb.
     0 | D:1      | Reached XP level 1. HP: 14/14 MP: 2/2
   269 | D:1      | Reached XP level 2. HP: 22/22 MP: 0/3
  1035 | D:2      | Reached skill level 1 in Fighting
  1035 | D:2      | Reached skill level 1 in Unarmed Combat
  1315 | D:2      | Reached XP level 3. HP: 28/28 MP: 4/4
  1325 | D:2      | Learned a level 3 spell: Vampiric Draining
  1688 | D:3      | Noticed Ijyb
  1715 | D:3      | Killed Ijyb
  1919 | D:3      | Reached XP level 4. HP: 35/35 MP: 3/6
  2190 | D:3      | Noticed Natasha
  2215 | D:3      | Killed Natasha
  2517 | D:3      | Noticed Natasha
  2540 | D:3      | Killed Natasha
  2623 | D:3      | Noticed Sigmund
  2629 | D:3      | Killed Sigmund
  2630 | D:3      | Reached XP level 5. HP: 45/45 MP: 3/7
  2630 | D:3      | Reached XP level 6. HP: 51/51 MP: 3/8
  2760 | D:3      | Learned a level 2 spell: Static Discharge
  2762 | D:3      | Learned a level 1 spell: Summon Small Mammal
  3073 | D:4      | Found Nadefef's Assorted Antiques.
  3081 | D:4      | Bought a cyan potion for 26 gold pieces
  3348 | D:4      | Found Maduwib's Jewellery Shoppe.
  3395 | D:4      | Found Luomul's Armour Shoppe.
  3404 | D:4      | Bought a scarf of invisibility for 144 gold pieces
  3424 | D:4      | Noticed an orc warrior
  3438 | D:4      | Killed an orc warrior
  3669 | D:4      | Reached XP level 7. HP: 28/57 MP: 3/10
  3846 | D:4      | Found Numabuut's Book Emporium.
  4014 | D:4      | Found a sparkling altar of Nemelex Xobeh.
  4294 | D:5      | Entered Level 5 of the Dungeon
  4319 | D:4      | Reached skill level 1 in Axes
  4529 | D:5      | Reached skill level 5 in Necromancy
  4723 | D:5      | Found Mianyon's Weapon Shop.
  4854 | D:5      | Reached skill level 1 in Conjurations
  5002 | D:5      | Noticed Prince Ribbit
  5101 | D:5      | Reached skill level 1 in Evocations
  5129 | D:6      | Slain by a centaur

Illustrated notes

Levels and vault maps discovered:
D:1:      lightli_arrival_maybe_door_vault, layout_loops_ring
D:2:      layout_loops_ring, minmay_misc_feat_tower, minmay_rat_gold_closets
D:3:      layout_loops_ring, corexii_item_surrounded_by_moat, uniq_ijyb,
          uniq_natasha, uniq_sigmund
D:4:      layout_basic, mainiacjoe_overflow_24_doors, serial_shops,
          nicolae_shop_trees, shop, nicolae_shop_waterfront, shop
D:5:      layout_loops_ring, mainiacjoe_overflow_cross_hatched, serial_shops,
          nicolae_shop_trees, gup_sewer_entry_bubbles, uniq_eustachio,
          uniq_prince_ribbit1, uniq_blork_the_orc, uniq_menkaure
D:6:      layout_loops_cross, mainiacjoe_overflow_paths,
          nicolae_qazlal_general_emergency, minmay_puff, uniq_edmund

Skill      XL: |  1  2  3  4  5  6  7 |
---------------+----------------------+-----
Fighting       | 1 3 4 |  4.0
Unarmed Combat | 1 3 |  3.0
Dodging        | 2 3 |  3.1
Stealth        | 3 |  3.2
Spellcasting   | 2 3 |  3.1
Axes           | 1 |  1.4
Necromancy     | 5 |  5.0
Conjurations   | 1 |  1.1
Evocations     | 1 |  1.0
Polearms       | |  0.7
Throwing       | |  0.4
Summonings     | |  0.9
Air Magic      | |  0.9

Action                   |  1- 3 |  4- 6 |  7- 9 || total
-------------------------+-------+-------+-------++-------
Melee: Unarmed           |    61 |     9 |       ||    70
       Punch             |     3 |       |     2 ||     5
       Halberd           |       |    40 |       ||    40
       Battleaxe         |       |     8 |    23 ||    31
       War axe           |       |       |    57 ||    57
Throw: Dart              |       |     6 |     2 ||     8
       Boomerang         |       |       |    13 ||    13
 Cast: Necrotise         |    47 |    38 |    17 ||   102
       Summon Small Mamm |       |     9 |     1 ||    10
       Static Discharge  |       |     3 |     5 ||     8
       Vampiric Draining |       |     2 |     5 ||     7
Evoke: Wand              |       |       |     1 ||     1
  Use: Scroll            |     4 |     4 |     5 ||    13
       Potion            |     2 |     4 |     3 ||     9
 Stab: Sleeping          |     5 |     2 |     2 ||     9
Armor: Robe              |    15 |     4 |    29 ||    48
       Ring mail         |       |    12 |       ||    12
Dodge: Dodged            |    43 |    57 |   139 ||   239
